 Dungeon Crawl Stone Soup version 0.14-a0-2071-g7172c92 (webtiles) character file.

1415 RedPan the Conjurer (level 8, -2/41 HPs)
             Began as a Deep Elf Wizard on Jan 23, 2014.
             Shot with an arrow by a centaur (6 damage)
             ... on Level 5 of the Dungeon.
             The game lasted 00:25:58 (4812 turns).

RedPan the Conjurer (Deep Elf Wizard)               Turns: 4812, Time: 00:25:58

HP  -2/41        AC  7     Str  6      XL: 8   Next: 12%
MP  23/23        EV 12     Int 24      God:
Gold 294         SH  0     Dex 13      Spells:  4 memorised,  7 levels left

rFire  . . .     SeeInvis .     e - +1,+0 elf dagger
rCold  . . .     Clarity  .     a - +0 elf robe
rNeg   + . .     Conserve .     (no shield)
rPois  .         rCorr    .     D - +1 hat {MR+}
rElec  .         rRot     .     (no cloak)
SustAb . .       Spirit   .     l - +0 pair of gloves
rMut   .         Warding  +     y - +2 pair of boots {+Jump}
Saprov . . .     Stasis   .     q - amulet of warding
MR     +....                    (no ring)
                                (no ring)

@: somewhat resistant to hostile enchantments, fairly stealthy
A: no striking features
a: Evoke Jump Attack


You were on level 5 of the Dungeon.
You were very hungry.

You visited 1 branch of the dungeon, and saw 5 of its levels.
You also visited: Sewer.

You collected 294 gold pieces.

Inventory:

Hand weapons
 e - a +1,+0 elven dagger (weapon)
Armour
 a - a +0 elven robe (worn)
 l - a +0 pair of gloves (worn)
 y - a +2 pair of boots of jumping (worn)
 D - a +1 hat of magic resistance (worn)
Comestibles
 d - 5 bread rations
 g - 3 meat rations
 A - an apple
 B - a slice of pizza
 F - 3 rotting chunks of ogre flesh
Scrolls
 f - 2 scrolls of curse jewellery {unknown}
 h - 3 scrolls of fear {unknown}
 i - a scroll of remove curse {unknown}
 m - a scroll of random uselessness {unknown}
 o - a scroll of magic mapping {unknown}
 p - 3 scrolls of curse weapon {unknown}
 r - 3 scrolls of identify
 t - a scroll of teleportation {unknown}
 u - 2 scrolls of blinking {unknown}
 x - 3 scrolls of fog {unknown}
 E - a scroll of enchant weapon I {unknown}
Jewellery
 q - an amulet of warding (around neck)
Potions
 b - a potion of coagulated blood
 j - 4 potions of curing {unknown}
 k - a potion of porridge
 n - a potion of restore abilities {unknown}
 v - 2 potions of heal wounds {unknown}
 w - a potion of might {unknown}
 z - a potion of speed {unknown}
 C - a potion of mutation {unknown}
Books
 c - a book of Minor Magic

   Spells                             Type                      Level
   *Magic Dart                        Conjuration                  1
   *Blink                             Translocation                2
   *Call Imp                          Summoning                    2
   Repel Missiles                     Charms/Air                   2
   Slow                               Hexes                        2
   Conjure Flame                      Conjuration/Fire             3
   *Mephitic Cloud                    Conjuration/Poison/Air       3
 s - a book of the Earth

   Spells                             Type                      Level
   Dig                                Earth                        4
   Leda's Liquefaction                Hexes/Earth                  4
   Bolt of Magma                      Conjuration/Fire/Earth       5
   Statue Form                        Transmutation/Earth          6
   Iron Shot                          Conjuration/Earth            6
   Shatter                            Earth                        9


   Skills:
 - Level 2.4 Dodging
 - Level 2.4 Stealth
 - Level 4.4 Spellcasting
 + Level 10.4 Conjurations
 - Level 1.1 Summonings
 - Level 1.1 Translocations


You had 7 spell levels left.
You knew the following spells:

 Your Spells              Type           Power        Failure   Level  Hunger
a - Magic Dart            Conj           ####         1%          1    None
b - Blink                 Tloc           N/A          12%         2    None
c - Call Imp              Summ           ##........   12%         2    None
d - Mephitic Cloud        Conj/Pois/Air  ###.....     10%         3    ##.....


Dungeon Overview and Level Annotations

Branches:
Dungeon (5/16)
 Temple: D:4-7

Altars:
Ashenzari

Shops:
D:5 }


Message History

The centaur shoots an arrow.
The arrow hits you!
The centaur shoots an arrow.
The arrow hits you!
You see here 2 arrows.
Casting: Blink
Confirm with . or Enter, or press ? or * to list all spells.
You blink.
The centaur shoots an arrow.
The arrow hits you!
You see here an arrow.
The centaur shoots an arrow.
The arrow hits you!
The centaur shoots an arrow.
The arrow hits you!
* * * LOW HITPOINT WARNING * * *
You see here 2 arrows.
Casting: Blink
Confirm with . or Enter, or press ? or * to list all spells.
You blink.
You see here an arrow.
The centaur shoots an arrow.
The arrow hits you!
You see here an arrow.
The centaur shoots an arrow.
The arrow hits you!
You die...

#####......##.#..# ##
#..........##.#..######
#....................(.
#..........##.#..#..###
#......#.#....#..#..#
########...........###(.#..#
#.............#.#.......#.S###
#.#.....#####.....####........
#.#.....#....@.(.....c.....###
#.#.....#.################..##
#<...............)............
###.....##.###########.#.#.#.#
#...............#............
#.#######..####>#.###.#.#.#.#
#.# ##.......................
#.# #>..........#.###.#.#.#.#
#.#####........##............


You could see a centaur.

Vanquished Creatures
  Prince Ribbit (Sewer)
  A centaur (D:5)
  2 ogres (D:5)
  A water moccasin (D:5)
  A giant frog (Sewer)
  2 hounds (D:5)
  An orc priest (D:3)
  An iguana (D:5)
  2 orc wizards (D:4)
  3 worker ants
  A black bear skeleton (D:4)
  7 adders
  4 giant mites
  A worm (D:3)
  A giant eyeball (D:4)
  4 giant geckos
  3 oozes
  14 orcs
  7 ball pythons
  9 giant cockroaches
  6 goblins
  10 hobgoblins
  A jackal (D:2)
  15 kobolds
  A quokka (D:3)
  11 bats
  2 giant newts (D:3)
  7 rats
119 creatures vanquished.

Vanquished Creatures (collateral kills)
  A giant frog (Sewer)
1 creature vanquished.

Grand Total: 120 creatures vanquished

Notes
Turn   | Place    | Note
--------------------------------------------------------------
     0 | D:1      | RedPan, the Deep Elf Wizard, began the quest for the Orb.
     0 | D:1      | Reached XP level 1. HP: 10/10 MP: 6/6
   176 | D:1      | Reached XP level 2. HP: 12/15 MP: 7/9
   318 | D:1      | Found a shattered altar of Ashenzari.
   446 | D:1      | Reached XP level 3. HP: 19/19 MP: 10/12
  1243 | D:2      | Learned a level 2 spell: Blink
  1246 | D:2      | Learned a level 2 spell: Call Imp
  1250 | D:2      | Learned a level 3 spell: Mephitic Cloud
  1562 | D:3      | Reached XP level 4. HP: 24/24 MP: 12/15
  1992 | D:3      | Reached skill level 5 in Conjurations
  2059 | D:3      | Reached XP level 5. HP: 28/28 MP: 9/18
  2414 | D:3      | Reached skill level 6 in Conjurations
  2738 | D:4      | Found a glowing drain.
  2788 | Sewer    | Entered a sewer
  2888 | Sewer    | Reached skill level 7 in Conjurations
  2888 | Sewer    | Reached XP level 6. HP: 32/32 MP: 12/20
  3029 | Sewer    | Noticed Prince Ribbit
  3042 | Sewer    | Killed Prince Ribbit
  3042 | Sewer    | Reached skill level 8 in Conjurations
  3042 | Sewer    | Reached XP level 7. HP: 36/36 MP: 10/21
  3316 | D:4      | Paralysed by a giant eyeball for 2 turns
  3845 | D:5      | Entered Level 5 of the Dungeon
  3934 | D:5      | Reached skill level 9 in Conjurations
  4188 | D:5      | Found Psiamm Klatt's Gadget Emporium.
  4266 | D:5      | Reached skill level 10 in Conjurations
  4446 | D:5      | Reached XP level 8. HP: 25/41 MP: 12/23
  4812 | D:5      | Shot with an arrow by a centaur

Action                   |  1- 3 |  4- 6 |  7- 9 || total
-------------------------+-------+-------+-------++-------
Melee: Dagger            |    17 |       |    20 ||    37
 Cast: Magic Dart        |    98 |   130 |   134 ||   362
       Mephitic Cloud    |       |     4 |    10 ||    14
       Blink             |       |     1 |     3 ||     4
       Call Imp          |       |     1 |       ||     1
  Use: Scroll            |       |       |     2 ||     2
 Stab: Sleeping          |     1 |       |       ||     1
